 Dungeon Crawl Stone Soup version 0.29.1-15-g9cfb28693d (webtiles) character file.

Game seed: 838428609111138937

7620 EarthwalkerPL the Fighter (level 10, -14/96 HPs)
             Began as a Minotaur Fighter on Mar 18, 2023.
             Was an Elder of Okawaru.
             Demolished by a skeletal warrior
             ... wielding a +0 long sword
              (18 damage)
             ... on level 9 of the Dungeon.
             The game lasted 00:19:20 (10405 turns).

EarthwalkerPL the Fighter (Minotaur Fighter)       Turns: 10405, Time: 00:19:20

Health: -14/96     AC: 15    Str: 25    XL:     10   Next: 98%
Magic:  9/9        EV: 16    Int:  5    God:    Okawaru [****..]
Gold:   1172       SH: 10    Dex: 10    Spells: 9/9 levels left

rFire   + . .      SeeInvis .   a - +0 war axe
rCold   + . .      Faith    .   c - +0 buckler
rNeg    + . .      Spirit   .   y - +2 chain mail {rPois}
rPois   +          Reflect  +   f - -2 hat of the Alchemist {rElec rPois rF+ rC+ rN+ Will+ rMut rCorr}
rElec   +          Harm     .   z - +0 cloak
rCorr   +          Rampage  .   (no gloves)
rMut    +                       E - +0 pair of boots
Will    +....                   x - amulet of reflection
Stlth   ..........              D - +4 ring of evasion
HPRegen 0.26/turn               J - +4 ring of evasion
MPRegen 0.11/turn

@: no status effects
A: horns 2, retaliatory headbutt
a: Renounce Religion, Heroism, Finesse


You were on level 9 of the Dungeon.
You worshipped Okawaru.
Okawaru was greatly pleased with you.
You visited 2 branches of the dungeon, and saw 10 of its levels.
You also visited: Sewer and Bailey.

You collected 1172 gold pieces.

Inventory:

Hand Weapons
 a - a +0 war axe (weapon)
 F - the +10 long sword of Dust {flame, MP+9}
   (You found it on level 4 of the Dungeon)

   It burns those it strikes, dealing additional fire damage.
   Big, fiery blades are also staple armaments of hydra-hunters.
   MP:        It affects your magic capacity (+9).
 M - a +3 hand axe
Missiles
 e - 3 javelins (quivered)
 g - 21 curare-tipped darts
 H - 22 poisoned darts
 I - 18 boomerangs
 S - 8 atropa-tipped darts
Armour
 b - a +0 scale mail
 c - a +0 buckler (worn)
 f - the -2 hat of the Alchemist (worn) {rElec rPois rF+ rC+ rN+ Will+ rMut rCorr}
   (You acquired it on level 8 of the Dungeon)

   rF:        It protects you from fire.
   rC:        It protects you from cold.
   rElec:     It insulates you from electricity.
   rPois:     It protects you from poison.
   rN:        It protects you from negative energy.
   rCorr:     It protects you from acid and corrosion.
   rMut:      It protects you from mutation.
   Will:      It increases your willpower.
 y - a +2 chain mail of poison resistance (worn)
 z - a +0 cloak (worn)
 E - a +0 pair of boots (worn)
Jewellery
 p - a ring of magical power
 x - an amulet of reflection (around neck)
 D - a +4 ring of evasion (left hand)
 J - a +4 ring of evasion (right hand)
 U - the ring of the Mage {Wiz Archmagi}
   (You found it in a bailey)

   [ring of wizardry]

   It improves your spell success rate.
   Archmagi:  It increases the power of your magical spells.
Wands
 K - a wand of charming (6)
 N - a wand of iceblast (5)
 O - a wand of polymorph (13)
 P - a wand of digging (2)
Scrolls
 j - 3 scrolls of teleportation
 m - 2 scrolls of amnesia
 n - 4 scrolls of vulnerability
 r - 2 scrolls of blinking
 t - a scroll of enchant weapon
 w - a scroll of noise
 A - a scroll of silence
 G - 2 scrolls of fear
 Q - a scroll of immolation {unknown}
 R - a scroll of fog {unknown}
 W - a scroll of magic mapping
 X - a scroll of enchant armour {unknown}
Potions
 d - 2 potions of might
 h - 4 potions of curing {unknown}
 i - 4 potions of brilliance {unknown}
 k - 2 potions of heal wounds {unknown}
 l - 2 potions of degeneration {unknown}
 o - a potion of flight {unknown}
 q - a potion of invisibility
 s - a potion of haste {unknown}
 u - 2 potions of berserk rage
 v - a potion of attraction {unknown}
 B - 2 potions of cancellation {unknown}
 C - a potion of ambrosia {unknown}
 L - a potion of lignification {unknown}
 V - a potion of magic {unknown}
Miscellaneous
 T - a phial of floods


   Skills:
 * Level 11.3 Fighting
 * Level 11.0 Axes
 + Level 1.1 Throwing
 * Level 11.2 Armour
 + Level 1.3 Dodging
 + Level 8.5 Shields
 + Level 1.1 Invocations


You had 9 spell levels left.
You didn't know any spells.
Your spell library contained the following spells:

 Spells                   Type           Power      Damage    Failure   Level
 Apportation              Tloc           0%         N/A       97%         1
 Necrotise                Necr           0%         1d4       97%         1
 Sting                    Tmut/Pois      0%         1d3       97%         1
 Blink                    Tloc           0%         N/A       99%         2
 Poisonous Vapours        Pois/Air       0%         N/A       99%         2
 Scorch                   Fire           0%         2d5       99%         2
 Flame Wave               Conj/Fire      0%         2d4       100%        4
 Olgreb's Toxic Radiance  Pois           0%         N/A       100%        4
 Manifold Assault         Tloc           0%         N/A       100%        5
 Storm Form               Tmut/Air       0%         N/A       100%        7
 Summon Small Mammal      Summ           Unusable   N/A       N/A         1
 Call Canine Familiar     Summ           Unusable   N/A       N/A         3
 Summon Guardian Golem    Hex/Summ       Unusable   N/A       N/A         3
 Summon Cactus Giant      Summ           Unusable   N/A       N/A         6

Dungeon Overview and Level Annotations

Branches:
Dungeon (9/15)             Temple (1/1) D:7           Sewer (visited)
 Bailey (visited)
   Lair: D:8-11         Orc: D:9-12

Altars:
Ashenzari
Cheibriados
Dithmenos
Elyvilon
Fedhas
Gozag
Hepliaklqana
Kikubaaqudgha
Makhleb
Nemelex Xobeh
Okawaru
Qazlal
Ru
Sif Muna
Trog
Uskayaw
Vehumet
Xom
Yredelemnul
Zin
The Shining One

Shops:
D:2 (


Innate Abilities, Weirdness & Mutations

You have a pair of horns on your head.
You reflexively headbutt those who attack you in melee.


Message History

You slash the skeletal warrior!
The skeletal warrior is moderately damaged.
The skeletal warrior hits you with a +0 long sword.
You barely miss the skeletal warrior.
The skeletal warrior is moderately damaged.
The skeletal warrior completely misses you.
You furiously retaliate!
You headbutt the skeletal warrior, but do no damage.
You closely miss the skeletal warrior.
The skeletal warrior is moderately damaged.
You block the skeletal warrior's attack.
You hit the skeletal warrior but do no damage.
The skeletal warrior is moderately damaged.
You block the skeletal warrior's attack.
You hit the skeletal warrior but do no damage.
The skeletal warrior is moderately damaged.
The skeletal warrior hits you with a +0 long sword!!
You hit the skeletal warrior.
You headbutt the skeletal warrior, but do no damage.
The skeletal warrior is moderately damaged.
The skeletal warrior hits you with a +0 long sword.
You barely miss the skeletal warrior.
The skeletal warrior is moderately damaged.
The skeletal warrior closely misses you.
You slice the skeletal warrior!!
The skeletal warrior is severely damaged.
The skeletal warrior hits you with a +0 long sword!
* * * LOW HITPOINT WARNING * * *
You barely miss the skeletal warrior. You headbutt the skeletal warrior!
The skeletal warrior is almost destroyed.
The skeletal warrior misses you.
You hit the skeletal warrior but do no damage.
Your headbutt misses the skeletal warrior.
The skeletal warrior is almost destroyed.
The skeletal warrior hits you with a +0 long sword!
* * * LOW HITPOINT WARNING * * *
You closely miss the skeletal warrior.
The skeletal warrior is almost destroyed.
The skeletal warrior hits you with a +0 long sword!!
You die...

##.. ... ........##
...##.. ##........##
#....######..........#
##...##.##...........#
.....#...............#
........###..........#
.....<.####..........#
......####.....[....##
................@.../#
......#####.....z!.$.#
....#...# #..........#
......#..#...........#
......##.#...........#
..#...# #.#......(.##
..#...##..(##.....(##
.......#..# ########
..#........


You could see a skeletal warrior.

Vanquished Creatures
  2 skeletal warriors
  Joseph (D:9)
  Maggie (D:7)
  Psyche (D:8)
  2 trolls
  2 hornets (D:8)
  2 wyverns
  6 yaks
  2 water moccasins
  4 orc warriors
  2 black bears
  An ogre (D:5)
  3 centaurs
  A phantom (D:4)
  7 kobold brigands
  Blork the orc (D:4)
  3 bullfrogs
  3 scorpions
  2 necrophages
  11 killer bees
  2 howler monkeys (D:9)
  5 hounds
  Crazy Yiuf (D:6)
  6 orc priests
  2 jellies
  A gnoll bouda (D:5)
  4 iguanas
  Terence (D:3)
  4 orc wizards (D:7)
  7 gnolls (D:5)
  10 adders
  3 white imps
  A worm (D:4)
  3 dart slugs
  26 orcs
  13 bats
  6 endoplasms
  7 giant cockroaches
  9 goblins
  6 hobgoblins
  3 jackals (D:2)
  13 kobolds
  5 quokkas
  7 ball pythons
  3 frilled lizards
  7 rats
  A butterfly (Temple)
213 creatures vanquished.

Vanquished Creatures (others)
  A kobold brigand (Bailey)
1 creature vanquished.

Grand Total: 214 creatures vanquished

Notes
Turn   | Place    | Note
-------+----------+-------------------------------------------
     0 | D:1      | EarthwalkerPL the Minotaur Fighter began the quest for the
                  | Orb.
     0 | D:1      | Reached XP level 1. HP: 19/19 MP: 0/0
   231 | D:1      | Reached XP level 2. HP: 27/27 MP: 1/1
  1103 | D:1      | Reached XP level 3. HP: 33/33 MP: 2/2
  1156 | D:1      | Found a faded altar of an unknown god.
  1981 | D:2      | Reached XP level 4. HP: 41/41 MP: 3/3
  1991 | D:2      | Found Ber Sado's Antique Weapon Emporium.
  2405 | D:3      | Found a glowing drain.
  2523 | D:3      | Noticed Terence
  2545 | Sewer    | Entered a sewer
  2577 | Sewer    | Noticed a water moccasin
  2586 | Sewer    | Killed a water moccasin
  2587 | Sewer    | Reached skill level 5 in Fighting
  2587 | Sewer    | Reached skill level 5 in Armour
  2587 | Sewer    | Reached XP level 5. HP: 32/48 MP: 4/4
  2752 | D:3      | Killed Terence
  3301 | D:4      | Reached XP level 6. HP: 56/56 MP: 5/5
  3387 | D:4      | Noticed Blork the orc
  3403 | D:4      | Killed Blork the orc
  3404 | D:4      | Reached skill level 5 in Axes
  3829 | D:4      | Identified the +10 long sword of Dust {flame, MP+9}
  3900 | D:4      | Reached XP level 7. HP: 59/62 MP: 6/6
  3952 | D:5      | Entered Level 5 of the Dungeon
  3992 | D:5      | Reached skill level 5 in Shields
  5302 | D:6      | Reached XP level 8. HP: 71/71 MP: 7/7
  5780 | D:6      | Found a stormy altar of Qazlal.
  5910 | D:6      | Found a hide-covered altar of Uskayaw.
  6183 | D:6      | Found a runed translucent door.
  6184 | D:6      | Noticed Crazy Yiuf
  6195 | D:6      | Killed Crazy Yiuf
  6489 | D:7      | Reached XP level 9. HP: 76/82 MP: 8/8
  6535 | D:7      | Noticed Maggie
  6561 | D:7      | Killed Maggie
  6720 | D:7      | Found a snail-covered altar of Cheibriados.
  6720 | D:7      | Found a hazy altar of Hepliaklqana.
  7475 | D:7      | Found a staircase to the Ecumenical Temple.
  7582 | Temple   | Entered the Ecumenical Temple
  7777 | Temple   | Became a worshipper of Warmaster Okawaru
  7973 | D:8      | Identified a scroll of acquirement
  7974 | D:8      | Acquired the -2 hat of the Alchemist {rElec rPois rF+ rC+
                  | rN+ Will+ rMut rCorr}
  7974 | D:8      | Found the -2 hat of the Alchemist {rElec rPois rF+ rC+ rN+
                  | Will+ rMut rCorr}
  8010 | D:8      | Found a flagged portal.
  8051 | D:8      | Found an opulent altar of Gozag.
  8079 | Bailey   | Entered a bailey
  8232 | Bailey   | Reached * piety under Okawaru
  8246 | Bailey   | Reached skill level 10 in Fighting
  8246 | Bailey   | Reached XP level 10. HP: 55/93 MP: 9/9
  8262 | Bailey   | Reached skill level 10 in Armour
  8459 | Bailey   | Found the ring of the Mage {Wiz Archmagi}
  8460 | Bailey   | Found a burning altar of Makhleb.
  8756 | D:9      | Noticed Psyche
  8775 | D:8      | Killed Psyche
  8814 | D:9      | Noticed a skeletal warrior
  8814 | D:9      | Noticed a skeletal warrior
  8838 | D:9      | Reached ** piety under Okawaru
  8937 | D:9      | Reached skill level 10 in Axes
  8965 | D:9      | Noticed Joseph
  9156 | D:9      | Killed Joseph
  9335 | D:9      | Reached *** piety under Okawaru
  9883 | D:8      | Killed a skeletal warrior
  9884 | D:8      | Reached skill level 1 in Dodging
 10101 | D:9      | Killed a skeletal warrior
 10101 | D:9      | Reached **** piety under Okawaru
 10102 | D:9      | Reached skill level 1 in Throwing
 10102 | D:9      | Reached skill level 1 in Invocations
 10382 | D:9      | Noticed a skeletal warrior
 10404 | D:9      | HP: 4/96 [skeletal warrior/+0 long sword (16)]
 10405 | D:9      | Demolished by a skeletal warrior

Illustrated notes

Levels and vault maps discovered:
D:1:      dpeg_arrival_water_fire, layout_basic, ebering_ecumenical_altar_box
D:2:      layout_basic, serial_shops, nicolae_shop_crystal,
          grunt_decor_junction, hex_large
D:3:      layout_rooms, gup_sewer_entry_glass, grunt_ministairs_15,
          amcnicky_mini_pool_small, uniq_terence
D:4:      layout_rooms, uniq_blork_the_orc
D:5:      layout_basic, chequers_avenue
D:6:      layout_basic, mainiacjoe_overflow_swirl, uniq_crazy_yiuf_cottage
D:7:      layout_basic, chequers_temple_overflow_statue_of_worship,
          minmay_temple_entry_butterflies, uniq_maggie
D:8:      layout_rooms, mainiacjoe_overflow_concentric_impassable,
          enter_bailey_2
D:9:      layout_rooms, nicolae_wu_jian_wuxing_cycle, uniq_psyche, uniq_joseph
Temple:   nicolae_temple_bog_church

Skill      XL: |  1  2  3  4  5  6  7  8  9 10 |
---------------+-------------------------------+-----
Axes           | 3 4 5 6 7 9 11 | 11.0
Fighting       | 4 5 6 8 10 11 | 11.3
Armour         | 4 5 6 8 9 11 | 11.2
Shields        | 4 5 6 7 8 |  8.5
Dodging        | 1 |  1.3
Throwing       | 1 |  1.1
Invocations    | 1 |  1.1

Action                   |  1- 3 |  4- 6 |  7- 9 | 10-12 || total
-------------------------+-------+-------+-------+-------++-------
Melee: War axe           |    88 |   115 |   296 |   172 ||   671
       Headbutt          |    10 |    13 |    49 |    28 ||   100
Throw: Dart              |       |     4 |     5 |       ||     9
       Javelin           |       |       |     1 |     6 ||     7
       Boomerang         |       |       |       |    10 ||    10
  Use: Scroll            |       |       |    11 |     1 ||    12
Armor: Scale mail        |    63 |    37 |       |       ||   100
       Chain mail        |       |    26 |    81 |    34 ||   141
Dodge: Dodged            |    36 |    42 |   149 |   108 ||   335
Block: Buckler           |    19 |    52 |   139 |    81 ||   291
       Reflection        |       |       |     7 |     2 ||     9
